[gd_scene load_steps=19 format=3 uid="uid://cyyx066a8ni42"]

[ext_resource type="Texture2D" uid="uid://0lyayl3sf2ta" path="res://assets/images/characters/court/edgeworth/point/pose0.png" id="1_2bbgl"]
[ext_resource type="Texture2D" uid="uid://d2nsdhipk7qbd" path="res://assets/images/characters/court/edgeworth/point/head.png" id="1_sckss"]
[ext_resource type="Texture2D" uid="uid://bc3t43xx6ty5w" path="res://assets/images/characters/court/edgeworth/point/pose1.png" id="2_sckss"]
[ext_resource type="Texture2D" uid="uid://bq8r3w7lby3ax" path="res://assets/images/characters/court/edgeworth/point/pose2.png" id="3_8hw2c"]
[ext_resource type="Texture2D" uid="uid://b34f2uppl71u6" path="res://assets/images/characters/court/edgeworth/point/eye0.png" id="5_8hw2c"]
[ext_resource type="Texture2D" uid="uid://bhe6eh37kpiv0" path="res://assets/images/characters/court/edgeworth/point/eye1.png" id="6_lnmdj"]
[ext_resource type="Texture2D" uid="uid://djog3dy580vie" path="res://assets/images/characters/court/edgeworth/point/mouth0.png" id="7_l0wxq"]
[ext_resource type="Texture2D" uid="uid://takf6tddsr7u" path="res://assets/images/characters/court/edgeworth/point/mouth1.png" id="8_25yo0"]

[sub_resource type="GDScript" id="GDScript_2bbgl"]
script/source = "extends CharacterSprite


func animate_body():
	
	for i in 3:
		BodyAnimation.play(\"Body\")
		await BodyAnimation.animation_finished

	BodyTimer.start([2., 3., 4.].pick_random())
	return
"

[sub_resource type="Animation" id="Animation_j6pco"]
resource_name = "Eyes"
length = 0.3
tracks/0/type = "value"
tracks/0/imported = false
tracks/0/enabled = true
tracks/0/path = NodePath("Eyes/Eyes0:visible")
tracks/0/interp = 1
tracks/0/loop_wrap = true
tracks/0/keys = {
"times": PackedFloat32Array(0.07, 0.14, 0.21, 0.28),
"transitions": PackedFloat32Array(1, 1, 1, 1),
"update": 1,
"values": [true, false, true, false]
}
tracks/1/type = "value"
tracks/1/imported = false
tracks/1/enabled = true
tracks/1/path = NodePath("Eyes/Eyes1:visible")
tracks/1/interp = 1
tracks/1/loop_wrap = true
tracks/1/keys = {
"times": PackedFloat32Array(0.07, 0.14, 0.21),
"transitions": PackedFloat32Array(1, 1, 1),
"update": 1,
"values": [false, true, false]
}

[sub_resource type="Animation" id="Animation_xaqat"]
length = 0.001
tracks/0/type = "value"
tracks/0/imported = false
tracks/0/enabled = true
tracks/0/path = NodePath("Eyes/Eyes0:visible")
tracks/0/interp = 1
tracks/0/loop_wrap = true
tracks/0/keys = {
"times": PackedFloat32Array(0),
"transitions": PackedFloat32Array(1),
"update": 1,
"values": [false]
}
tracks/1/type = "value"
tracks/1/imported = false
tracks/1/enabled = true
tracks/1/path = NodePath("Eyes/Eyes1:visible")
tracks/1/interp = 1
tracks/1/loop_wrap = true
tracks/1/keys = {
"times": PackedFloat32Array(0),
"transitions": PackedFloat32Array(1),
"update": 1,
"values": [false]
}

[sub_resource type="AnimationLibrary" id="AnimationLibrary_p5637"]
_data = {
&"Eyes": SubResource("Animation_j6pco"),
&"RESET": SubResource("Animation_xaqat")
}

[sub_resource type="Animation" id="Animation_nn1gf"]
resource_name = "Mouth"
length = 0.6
loop_mode = 1
tracks/0/type = "value"
tracks/0/imported = false
tracks/0/enabled = true
tracks/0/path = NodePath("Mouth/Mouth0:visible")
tracks/0/interp = 1
tracks/0/loop_wrap = true
tracks/0/keys = {
"times": PackedFloat32Array(0, 0.15, 0.3, 0.45),
"transitions": PackedFloat32Array(1, 1, 1, 1),
"update": 1,
"values": [false, true, false, true]
}
tracks/1/type = "value"
tracks/1/imported = false
tracks/1/enabled = true
tracks/1/path = NodePath("Mouth/Mouth1:visible")
tracks/1/interp = 1
tracks/1/loop_wrap = true
tracks/1/keys = {
"times": PackedFloat32Array(0, 0.15, 0.3, 0.45),
"transitions": PackedFloat32Array(1, 1, 1, 1),
"update": 1,
"values": [false, false, true, false]
}

[sub_resource type="Animation" id="Animation_lnmdj"]
resource_name = "RESET"
length = 0.001
step = 0.15
tracks/0/type = "value"
tracks/0/imported = false
tracks/0/enabled = true
tracks/0/path = NodePath("Mouth/Mouth0:visible")
tracks/0/interp = 1
tracks/0/loop_wrap = true
tracks/0/keys = {
"times": PackedFloat32Array(0),
"transitions": PackedFloat32Array(1),
"update": 1,
"values": [false]
}
tracks/1/type = "value"
tracks/1/imported = false
tracks/1/enabled = true
tracks/1/path = NodePath("Mouth/Mouth1:visible")
tracks/1/interp = 1
tracks/1/loop_wrap = true
tracks/1/keys = {
"times": PackedFloat32Array(0),
"transitions": PackedFloat32Array(1),
"update": 1,
"values": [false]
}

[sub_resource type="AnimationLibrary" id="AnimationLibrary_g8sju"]
_data = {
&"Mouth": SubResource("Animation_nn1gf"),
&"RESET": SubResource("Animation_lnmdj")
}

[sub_resource type="Animation" id="Animation_sckss"]
resource_name = "Body"
length = 0.6
step = 0.05
tracks/0/type = "value"
tracks/0/imported = false
tracks/0/enabled = true
tracks/0/path = NodePath("Body/Body0:visible")
tracks/0/interp = 1
tracks/0/loop_wrap = true
tracks/0/keys = {
"times": PackedFloat32Array(0, 0.2, 0.6),
"transitions": PackedFloat32Array(1, 1, 1),
"update": 1,
"values": [true, false, true]
}
tracks/1/type = "value"
tracks/1/imported = false
tracks/1/enabled = true
tracks/1/path = NodePath("Body/Body1:visible")
tracks/1/interp = 1
tracks/1/loop_wrap = true
tracks/1/keys = {
"times": PackedFloat32Array(0, 0.2, 0.4, 0.6),
"transitions": PackedFloat32Array(1, 1, 1, 1),
"update": 1,
"values": [false, true, false, false]
}
tracks/2/type = "value"
tracks/2/imported = false
tracks/2/enabled = true
tracks/2/path = NodePath("Body/Body2:visible")
tracks/2/interp = 1
tracks/2/loop_wrap = true
tracks/2/keys = {
"times": PackedFloat32Array(0, 0.4, 0.6),
"transitions": PackedFloat32Array(1, 1, 1),
"update": 1,
"values": [false, true, false]
}

[sub_resource type="Animation" id="Animation_8hw2c"]
length = 0.001
tracks/0/type = "value"
tracks/0/imported = false
tracks/0/enabled = true
tracks/0/path = NodePath("Body/Body0:visible")
tracks/0/interp = 1
tracks/0/loop_wrap = true
tracks/0/keys = {
"times": PackedFloat32Array(0),
"transitions": PackedFloat32Array(1),
"update": 1,
"values": [true]
}
tracks/1/type = "value"
tracks/1/imported = false
tracks/1/enabled = true
tracks/1/path = NodePath("Body/Body1:visible")
tracks/1/interp = 1
tracks/1/loop_wrap = true
tracks/1/keys = {
"times": PackedFloat32Array(0),
"transitions": PackedFloat32Array(1),
"update": 1,
"values": [false]
}
tracks/2/type = "value"
tracks/2/imported = false
tracks/2/enabled = true
tracks/2/path = NodePath("Body/Body2:visible")
tracks/2/interp = 1
tracks/2/loop_wrap = true
tracks/2/keys = {
"times": PackedFloat32Array(0),
"transitions": PackedFloat32Array(1),
"update": 1,
"values": [false]
}

[sub_resource type="AnimationLibrary" id="AnimationLibrary_lnmdj"]
_data = {
&"Body": SubResource("Animation_sckss"),
&"RESET": SubResource("Animation_8hw2c")
}

[node name="EdgCourtPoint" type="Node2D" node_paths=PackedStringArray("BodyTimer", "BodyAnimation", "EyeTimer", "EyesAnimation", "MouthAnimation")]
script = SubResource("GDScript_2bbgl")
char_name = "Edgeworth"
BodyTimer = NodePath("Body/Timer")
BodyAnimation = NodePath("BodyAnimation")
EyeTimer = NodePath("Eyes/Timer")
EyesAnimation = NodePath("EyesAnimation")
MouthAnimation = NodePath("MouthAnimation")
metadata/_custom_type_script = "uid://bqstj7ubfag1c"

[node name="EyesAnimation" type="AnimationPlayer" parent="."]
libraries = {
&"": SubResource("AnimationLibrary_p5637")
}

[node name="MouthAnimation" type="AnimationPlayer" parent="."]
libraries = {
&"": SubResource("AnimationLibrary_g8sju")
}

[node name="BodyAnimation" type="AnimationPlayer" parent="."]
libraries = {
&"": SubResource("AnimationLibrary_lnmdj")
}

[node name="Head" type="Sprite2D" parent="."]
position = Vector2(1303, 189.5)
texture = ExtResource("1_sckss")

[node name="Body" type="Node2D" parent="."]

[node name="Timer" type="Timer" parent="Body"]
wait_time = 2.0
one_shot = true

[node name="Body0" type="Sprite2D" parent="Body"]
position = Vector2(1226, 674)
texture = ExtResource("1_2bbgl")

[node name="Body1" type="Sprite2D" parent="Body"]
visible = false
position = Vector2(1237.5, 674)
texture = ExtResource("2_sckss")

[node name="Body2" type="Sprite2D" parent="Body"]
visible = false
position = Vector2(1219, 674)
texture = ExtResource("3_8hw2c")

[node name="Eyes" type="Node2D" parent="."]
position = Vector2(1363, 971)

[node name="Timer" type="Timer" parent="Eyes"]
wait_time = 3.0
one_shot = true
autostart = true

[node name="Eyes0" type="Sprite2D" parent="Eyes"]
visible = false
position = Vector2(-79, -810)
texture = ExtResource("5_8hw2c")

[node name="Eyes1" type="Sprite2D" parent="Eyes"]
visible = false
position = Vector2(-79, -810)
texture = ExtResource("6_lnmdj")

[node name="Mouth" type="Node2D" parent="."]
position = Vector2(1363, 971)

[node name="Mouth0" type="Sprite2D" parent="Mouth"]
visible = false
position = Vector2(-74, -675)
texture = ExtResource("7_l0wxq")

[node name="Mouth1" type="Sprite2D" parent="Mouth"]
visible = false
position = Vector2(-74, -702)
texture = ExtResource("8_25yo0")
